 Dungeon Crawl Stone Soup version 0.31-a0-1002-g8e65716e6e (webtiles) character file.

Game seed: 15389873913322429365

9 Maratek the Trooper (level 2, 19/24 HPs)
             Began as a Demonspawn Fighter on Nov 9, 2023.
             Quit the game on level 1 of the Dungeon.
             The game lasted 00:00:16 (98 turns).

Maratek the Trooper (Demonspawn Fighter)              Turns: 98, Time: 00:00:17

Health: 19/24      AC:  6    Str: 16    XL:     2   Next: 3%
Magic:  2/2        EV:  8    Int:  9    God:
Gold:   5          SH:  4    Dex: 12    Spells: 1/1 levels left

rFire   . . .        a - +0 war axe
rCold   . . .        c - +0 buckler
rNeg    . . .        b - +0 scale mail
rPois   .            (no helmet)
rElec   .            (no cloak)
rCorr   .            (no gloves)
SInv    .            (no boots)
Will    .....        (no amulet) Stlth
                     (no ring)
HPRegen 0.24/turn    (no ring)
MPRegen 0.08/turn

%: no passive effects
@: no status effects
A: demonic magic 1
a: no special abilities


You were on level 1 of the Dungeon.
You visited 1 branch of the dungeon, and saw 1 of its levels.

You collected 5 gold pieces.

Inventory:

Hand Weapons
 a - a +0 war axe (weapon)
Armour
 b - a +0 scale mail (worn)
 c - a +0 buckler (worn)
Scrolls
 e - a scroll of blinking {unknown}
 f - a scroll of identify {unknown}
Potions
 d - a potion of might


   Skills:
 + Level 3.1 Fighting
 + Level 2.1 Axes
 + Level 2.8 Armour
 + Level 2.8 Shields


You had one spell level left.
You didn't know any spells.
Your spell library was empty.

Dungeon Overview and Level Annotations

Branches:
Dungeon (1/15)

Altars:


Innate Abilities, Weirdness & Mutations

Spells you cast may paralyse adjacent enemies.


Message History

You hit the hobgoblin.
You kill the hobgoblin!
The bat barely misses you.
You barely miss the bat. The bat closely misses you.
Found a scroll labelled ATIMUM QEOPEES.
The bat closely misses you. The kobold hits you with a +0 club.
You see here a hobgoblin corpse.
You hit the kobold.
You kill the kobold!
The bat closely misses you. You block the bat's attack.
You hit the rat.
You kill the rat!
You completely miss the bat. The bat barely misses you. x2
You have reached level 2!
Your demonic ancestry asserts itself...
A menacing aura infuses your magic.
Found a scroll labelled QES DUJUJUOSUF.
The bat hits you but does no damage.
You hit the bat.
The bat is moderately wounded.
The bat hits you but does no damage. x2
You closely miss the bat.
The bat is moderately wounded.
The bat hits you but does no damage.
You closely miss the bat.
The bat is moderately wounded.
The bat hits you but does no damage.
Found 3 boomerangs.
You block the bat's attack.
You closely miss the bat.
The bat is moderately wounded.
The bat barely misses you. The bat hits you but does no damage.
You block the bat's attack. The bat barely misses you. The bat hits you.
You block the bat's attack.
You barely miss the bat. The bat barely misses you.
You hit the bat.
You kill the bat!
No target in view!
No target in view!
No target in view!
An endoplasm comes into view.
Are you sure you want to abandon this character and quit the game? (Confirm with "yes".)

..#.#.#.#.#.........
.#.#.#.#J#.#....###
#.#.#.#.#.#.#....#
.#.#.#.#.#.#.#...#
#.#.#.#†#.#.#.#..#
?#.#.#)#.#.#.#...##
#.#.#.#.#.#.#.....#####+
.#.#.#.#.#.#............
..#.#.#@#(#....##.......
...#.#.#[#........###...
...?#.#.#....###..# #...
#....#.#..(.......# #...
##....#.....####... #...
##...(....... .... #.##
#. .......#########.#
#..#..#..## #...# #.###


You could see an endoplasm (wandering).

Vanquished Creatures
  A dart slug (D:1)
  A hobgoblin (D:1)
  A kobold (D:1)
  2 ball pythons (D:1)
  2 bats (D:1)
  A rat (D:1)
8 creatures vanquished.

Notes
Turn   | Place    | Note
-------+----------+-------------------------------------------
     0 | D:1      | Maratek the Demonspawn Fighter began the quest for the Orb.
     0 | D:1      | Reached XP level 1. HP: 18/18 MP: 1/1
    83 | D:1      | Gained mutation: Spells you cast may paralyse adjacent
                  | enemies. [demonic ancestry]
    83 | D:1      | Reached XP level 2. HP: 16/24 MP: 2/2
    98 | D:1      | Quit the game

Illustrated notes

Levels and vault maps discovered:
D:1:      wander_arrival_desolate, layout_basic, nicolae_the_louvre

Skill      XL: |  1 |
---------------+----+-----
Axes           | 2 |  2.1
Fighting       | |  3.1
Armour         | |  2.8
Shields        | |  2.8

Action                     || total
---------------------------++-------
  Melee: War axe           ||    21
 Armour: Scale mail        ||    18
  Dodge: Dodged            ||    17
  Block: Buckler           ||     8

Table legend: (Time is in decaauts)
 A = Elapsed time spent in this place.
 B = Non-inter-level travel time spent in this place.
 C = Inter-level travel time spent in this place.
 D = Time resting spent in this place.
 E = Time spent auto-exploring this place.
 F = Levels seen in this place.
 G = Mean time per level.
                   A        B        C        D        E       F      G
               +--------+--------+--------+--------+--------+-----+--------+
         Total |    107 |    107 |      0 |      0 |     59 |   1 |  107.0 |
       Dungeon |    107 |    107 |      0 |      0 |     59 |   1 |  107.0 |
               +--------+--------+--------+--------+--------+-----+--------+

Top non-repeatable levels by time:
     D:1: 107 daAuts
